 Dungeon Crawl Stone Soup version 0.29.1-2-gbd0b4ee654 (webtiles) character file.

Game seed: 6255760780283451263

4 Firos the Insei (level 1, -1/13 HPs)
             Began as an Octopode Transmuter on Nov 19, 2022.
             Slain by a goblin
             ... wielding a +0 club
              (2 damage)
             ... on level 1 of the Dungeon.
             The game lasted 00:00:38 (268 turns).

Firos the Insei (Octopode Transmuter)                Turns: 268, Time: 00:00:39

Health: -1/13      AC:  5    Str:  9    XL:     1   Next: 60%
Magic:  11/12      EV: 13    Int: 15    God:
Gold:   26         SH:  0    Dex: 12    Spells: 3/4 levels left

rFire   . . .      SeeInvis .     - Unarmed
rCold   . . .      Faith    .   (no shield)
rNeg    . . .      Spirit   .   (helmet currently unavailable)
rPois   .          Reflect  .   (no amulet)
rElec   .          Harm     .   c - ring of magical power
rCorr   .          Rampage  .   d - +4 ring of protection
Will    .....                   (no ring)
Stlth   ++........              (no ring)
HPRegen 0.04/turn               (no ring)
MPRegen 0.13/turn               (no ring)
                                (no ring)
                                (no ring)

@: appendages
A: tentacle spike 3, almost no armour, amphibious, 8 rings, camouflage 1,
gelatinous body 1, (nimble swimmer 1), tentacles
a: End Transformation


You were on level 1 of the Dungeon.
One of your tentacles had grown a beastly spike.
You visited 1 branch of the dungeon, and saw 1 of its levels.

You collected 26 gold pieces.

Inventory:

Jewellery
 c - a ring of magical power (left tentacle)
 d - a +4 ring of protection (right tentacle)
Scrolls
 e - a scroll of identify {unknown}
Potions
 a - a potion of lignification
 b - a potion of brilliance {unknown}


   Skills:
 - Level 1.0 Fighting
 - Level 2.0 Dodging
 - Level 3.0 Unarmed Combat
 + Level 2.1 Spellcasting
 * Level 2.2 Transmutations


You had 3 spell levels left.
You knew the following spells:

 Your Spells              Type           Power      Damage    Failure   Level
a - Beastly Appendage     Tmut           16%        N/A       9%          1

Your spell library contained the following spells:

 Spells                   Type           Power      Damage    Failure   Level
 Wereblood                Tmut           8%         N/A       13%         2
 Spider Form              Tmut/Pois      4%         N/A       38%         3
 Ice Form                 Ice/Tmut       4%         N/A       80%         4


Dungeon Overview and Level Annotations

Branches:
Dungeon (1/15)

Altars:


Innate Abilities, Weirdness & Mutations

One of your tentacles has grown a beastly spike.
You cannot wear most types of armour.
You are amphibious.
You can wear up to eight rings at the same time.
Your skin changes colour to match your surroundings (Stealth+).
Your rubbery body absorbs attacks. (AC +1, EV +1)
((You are camouflaged when in or above water. (Stealth+)))
You have tentacles for arms and can constrict up to eight enemies at once.


Message History

A rat comes into view.
A rat is nearby!
A rat is nearby!
One of your tentacles grows a vicious spike.
Found a stone staircase leading down.
Your transformation is almost over.
You tentacle-slap the rat but do no damage.
Your grab misses the rat. The rat bites you but does no damage.
You barely miss the rat. You grab the rat.
You pierce the rat, but do no damage.
You squeeze the rat.
You kill the rat!
No target in view!
You now have 26 gold pieces (gained 10).
Your tentacle spike disappears.
A goblin and a gnoll come into view.
There are monsters nearby!
There are monsters nearby!
One of your tentacles grows a vicious spike.
A bat comes into view.
The gnoll shouts!
You hear a shout!
The gnoll hits you with a +0 whip.
The goblin shouts!
You tentacle-slap the gnoll but do no damage.
You grab the gnoll.
You constrict the gnoll, but do no damage.
You hear an angry hiss.
The gnoll misses you.
You tentacle-slap the gnoll.
You pierce the gnoll, but do no damage.
You squeeze the gnoll, but do no damage.
The gnoll is moderately wounded.
You constrict the gnoll, but do no damage.
The gnoll hits you with a +0 whip. The goblin closely misses you.
You are too injured to fight recklessly!
You are too injured to fight recklessly!
You tentacle-slap the gnoll.
You pierce the gnoll.
The gnoll is heavily wounded.
You constrict the gnoll. The gnoll hits you with a +0 whip.
* * * LOW HITPOINT WARNING * * *
The goblin hits you with a +0 club.
You die...

#....# #....# ##.
#....#... #....#.#
#.?.... .#####
#....#
......##...g###...
..........@gb..#
......#.#.#####...
........#.##
#.########.....#..
...................
.........#.###.#.##
....#.##.#.# .#.##.
.. # #.#.# ......
#.### #...#


You could see a gnoll, a goblin and a bat.

Vanquished Creatures
  A giant cockroach (D:1)
  2 ball pythons (D:1)
  2 rats (D:1)
5 creatures vanquished.

Notes
Turn   | Place    | Note
-------+----------+-------------------------------------------
     0 | D:1      | Firos the Octopode Transmuter began the quest for the Orb.
     0 | D:1      | Reached XP level 1. HP: 13/13 MP: 3/3
   268 | D:1      | Slain by a goblin

Illustrated notes

Levels and vault maps discovered:
D:1:      minmay_arrival_semitransparent, layout_basic, serial_shops,
          nicolae_lakefront_shop, st_stairs_10

Action                   || total
-------------------------++-------
Melee: Unarmed           ||    11
       Constrict         ||     5
       Kick              ||     4
       Tentacles         ||     4
 Cast: Beastly Appendage ||     8
 Stab: Sleeping          ||     1
Armor: Skin              ||     1
Dodge: Dodged            ||     4
